 Dungeon Crawl Stone Soup version 0.31-a0-832-g3a2c1c66ba (webtiles) character file.

Game seed: 16231935412017272581

98168 Essalna the Warrior (level 16, -14/112 HPs)
             Began as a Gargoyle Earth Elementalist on Sept 25, 2023.
             Was a High Priest of Vehumet.
             Killed from afar by a will-o-the-wisp (20 damage)
             ... with a foxfire
             ... on level 2 of the Swamp.
             The game lasted 00:53:18 (22916 turns).

Essalna the Warrior (Gargoyle Earth Elementalist)  Turns: 22916, Time: 00:53:18

Health: -14/112    AC: 24    Str: 12    XL:     16   Next: 21%
Magic:  39/45      EV: 13    Int: 35    God:    Vehumet [*****.]
Gold:   1957       SH:  3    Dex: 10    Spells: 8/28 levels left

rFire   . . .        x - staff of conjuration
rCold   + + +        s - +0 buckler
rNeg    + + .        I - +4 skin of Zhor {*Englaciate rC+++ SInv}
rPois   ∞            N - +3 hat of Pondering {ponderous, Will+ MP+10 Int+5}
rElec   +            d - scarf {repulsion}
rCorr   .            y - +1 pair of gloves
SInv    +            (no boots)
Will    ++...        (no amulet)
Stlth   +++          k - ring of magical power
HPRegen 0.38/turn    h - ring of Sicviagh {rN+ Int+6}
MPRegen 0.29/turn

%: repel missiles
@: flying, studying Ranged Weapons, slow
A: sickness immunity, AC +12, big wings, negative energy resistance 1,
electricity resistance, torment resistance 1, petrification resistance
a: Renounce Religion


You were on level 2 of the Swamp.
You worshipped Vehumet.
Vehumet was extremely pleased with you.
You visited 5 branches of the dungeon, and saw 22 of its levels.
You also visited: Ossuary and Volcano.

You collected 2490 gold pieces.
You spent 533 gold pieces at shops.

Inventory:

Hand Weapons
 e - a +2 spectral dagger
Armour
 d - a scarf of repulsion (worn)
 s - a +0 buckler (worn)
 y - a +1 pair of gloves (worn)
 H - a +2 leather armour of cold resistance
 I - the +4 skin of Zhor (worn) {*Englaciate rC+++ SInv}
   (You found it on level 8 of the Dungeon)

   *Englaciate: It radiates cold, occasionally slowing all nearby creatures who
   are not resistant to cold.
   rC+++:     It renders you almost immune to cold.
   SInv:      It lets you see invisible.
 K - a +2 robe of fire resistance
 N - the +3 hat of Pondering (worn) {ponderous, Will+ MP+10 Int+5}
   (You bought it in a shop on level 2 of the Orcish Mines)

   Int+5:     It affects your intelligence (+5).
   Will+:     It increases your willpower.
   MP+10:     It affects your magic capacity (+10).
 S - a +3 troll leather armour {Snorg}
Magical Staves
 g - a staff of fire
 x - a staff of conjuration (weapon)
 O - a staff of earth
Jewellery
 h - the ring of Sicviagh (right hand) {rN+ Int+6}
   (You found it on level 5 of the Dungeon)

   [ring of intelligence]

   Int+6:     It affects your intelligence (+6).
   rN+:       It protects you from negative energy.
 k - a ring of magical power (left hand)
 q - a ring of positive energy
 A - a +6 ring of intelligence
 B - a ring of ice
 G - a ring of fire
 Z - a +5 ring of evasion
Wands
 E - a wand of charming (11)
 L - a wand of mindburst (7)
 P - a wand of acid (14)
 T - a wand of iceblast (5)
Scrolls
 a - a scroll of fear
 c - a scroll of immolation
 j - 16 scrolls of identify
 o - 8 scrolls of blinking
 p - 6 scrolls of teleportation
 z - a scroll of enchant weapon
 Q - 2 scrolls of poison
 R - a scroll of amnesia
 U - 6 scrolls of fog
 V - 2 scrolls of enchant armour
Potions
 b - 8 potions of magic
 f - 8 potions of curing
 i - 3 potions of might {unknown}
 l - 3 potions of degeneration {unknown}
 m - 3 potions of haste {unknown}
 n - 7 potions of brilliance {unknown}
 r - 3 potions of enlightenment {unknown}
 u - 3 potions of invisibility {unknown}
 w - 5 potions of heal wounds {unknown}
 C - 2 potions of resistance {unknown}
 D - a potion of cancellation {unknown}
 F - a potion of mutation {unknown}
 J - a potion of berserk rage {unknown}
 M - 2 potions of attraction {unknown}
 W - a potion of ambrosia {unknown}


   Skills:
 + Level 17.2 Fighting
 - Level 8.0 Armour
 + Level 6.7 Dodging
 - Level 6.0 Stealth
 + Level 1.0 Shields
 + Level 6.9 Spellcasting
 - Level 15.0 Conjurations
 - Level 1.0 Transmutations
 - Level 4.0 Ice Magic
 - Level 4.0 Air Magic
 + Level 15.6 Earth Magic


You had 8 spell levels left.
You knew the following spells:

 Your Spells              Type           Power      Damage    Failure   Level
a - Sandblast             Erth           100%       2d20      0%          1
b - Stone Arrow           Conj/Erth      100%       3d13      1%          3
c - Freezing Cloud        Conj/Ice/Air   39%        6-21      1%          5
d - Iskenderun's Battles  Conj           100%       2d15      1%          5
e - Bombard               Conj/Erth      54%        9d9       1%          6

Your spell library contained the following spells:

 Spells                   Type           Power      Damage    Failure   Level
 Ozocubu's Refrigeration  Ice            20%        4d11      86%         7
 Magic Dart               Conj           100%       1d8       0%          1
 Searing Ray              Conj           100%       2d8       0%          2
 Foxfire                  Conj/Fire      100%       2x1d9     1%          1
 Freeze                   Ice            100%       1d10      1%          1
 Passwall                 Tmut/Erth      52%        N/A       1%          2
 Frozen Ramparts          Ice            80%        1d13      1%          3
 Hailstorm                Conj/Ice       87%        3d17      1%          3
 Brom's Barrelling Bould  Conj/Erth      100%       2d11      1%          4
 Flame Wave               Conj/Fire      77%        2d17      1%          4
 Fulminant Prism          Conj/Hex       38%        3d17      1%          4
 Petrify                  Tmut/Erth      63%        N/A       1%          4
 Sticky Flame             Conj/Fire      77%        2d9       1%          4
 Arcjolt                  Conj/Air       43%        1d53      1%          5
 Swiftness                Air            40%        N/A       2%          3
 Orb of Destruction       Conj           54%        9d14      2%          7
 Ensorcelled Hibernation  Hex/Ice        52%        N/A       3%          2
 Ignite Poison            Fire/Tmut/Pois 14%        N/A       3%          3
 Slow                     Hex            48%        N/A       4%          1
 Inner Flame              Hex/Fire       12%        N/A       4%          3
 Jinxbite                 Hex            24%        N/A       8%          2
 Starburst                Conj/Fire      38%        6d11      10%         6
 Olgreb's Toxic Radiance  Pois           12%        N/A       13%         4
 Confusing Touch          Hex            12%        N/A       14%         3
 Sigil of Binding         Hex            12%        N/A       14%         3
 Summon Guardian Golem    Hex/Summ       12%        N/A       14%         3
 Vampiric Draining        Necr           12%        2d6       14%         3
 Vhi's Electric Charge    Tloc/Air       52%        N/A       22%         4
 Spellforged Servitor     Conj/Summ      38%        N/A       41%         7
 Anguish                  Hex/Necr       6%         N/A       43%         4
 Plasma Beam              Fire/Air       13%        2x1d24    58%         6
 Discord                  Hex            6%         N/A       100%        8
 Ignition                 Fire           6%         3d4       100%        8
 Cigotuvi's Dreadful Rot  Necr/Pois/Air  Unusable   N/A       N/A         2

Dungeon Overview and Level Annotations

Branches:
Dungeon (12/15)            Temple (1/1) D:6            Lair (5/5) D:11
  Swamp (2/4) Lair:2       Spider (0/4) Lair:3        Slime (0/5) Lair:4
    Orc (2/2) D:10            Elf (0/3) Orc:2       Ossuary (visited)
Volcano (visited)

Altars:
Ashenzari
Cheibriados
Dithmenos
Elyvilon
Fedhas
Gozag
Hepliaklqana
Kikubaaqudgha
Makhleb
Nemelex Xobeh
Okawaru
Qazlal
Ru
Sif Muna
Trog
Uskayaw
Vehumet
Wu Jian
Xom
Yredelemnul
Zin
The Shining One

Shops:
D:4 (   Orc:2 (*[(


Innate Abilities, Weirdness & Mutations

You are immune to sickness and miasma.
Your stone body is resilient. (AC +12)
You are immune to poison.
Your large and strong wings let you fly.
You resist negative energy. (rN+)
You are resistant to electric shocks. (rElec)
You are resistant to unholy torment.
You are immune to petrification.


Message History

A foxfire comes into view.
Your battlesphere fires!
The barrage of energy hits the tyrant leech!
The tyrant leech is severely wounded.
The tyrant leech closely misses you. The foxfire hits you!
The will-o-the-wisp gestures.
The will-o-the-wisp conjures some marshlight! 2 foxfires come into view.
Casting: Sandblast (safe; 0% risk of failure)
Confirm with . or Enter, or press ? or * to list all spells.
Aiming: Sandblast (safe; 0% risk of failure)
Press: ? - help, Shift-Dir - straight line, f/p - tyrant leech
Aim: a tyrant leech (severely wounded, ally target, 76% to hit)
The blast of sand hits the tyrant leech.
The tyrant leech is severely wounded.
The foxfire hits you!!
Your battlesphere fires!
The barrage of energy hits the tyrant leech.
The tyrant leech is almost dead.
The tyrant leech bites you!
* * * LOW HITPOINT WARNING * * *
The will-o-the-wisp gestures.
The will-o-the-wisp conjures some marshlight!
The foxfire hits you but does no damage.
The tyrant leech barely misses you. 2 foxfires come into view.
Casting: Sandblast (safe; 0% risk of failure)
Confirm with . or Enter, or press ? or * to list all spells.
Aiming: Sandblast (safe; 0% risk of failure)
Press: ? - help, Shift-Dir - straight line, f/p - tyrant leech
Aim: a tyrant leech (almost dead, ally target, 76% to hit)
The blast of sand hits the tyrant leech!!
You kill the tyrant leech!
Vehumet accepts your kill.
You feel your power returning.
The foxfire hits you but does no damage.
The foxfire hits you!!
* * * LOW HITPOINT WARNING * * *
The foxfire hits you!!
You die...

.~♣♣ ~<♣♣.~♣~♣ ♣....
~.)..~~~♣ ♣~♣~♣~
..~♣..~♣♣ ♣♣.~♣~~
~.♣§~~~♣ ♣♣.~~..§
~.~~~§.♣ ♣.~~.~♣ ~
~.~~.~~♣♣ ♣♣.~~.♣ ~~~
~~♣~~~~~♣♣♣♣:.~~*♣♣~~~~~
~..~....~~..$~~~@v§§§§~~
~.~.♣♣♣♣~~~.~~~~.§§§§§§.
♣.~♣♣ ♣♣♣♣♣♣....~§§~.♣§
♣.♣♣ ♣♣♣...~§§v~§ .♣♣
♣♣♣♣♣.§§§~ .♣ ♣.♣.§ ♣♣
♣♣ ♣


You could see a will-o-the-wisp and a friendly battlesphere.

Vanquished Creatures
  A tentacled monstrosity (Swamp:1)
  Jorgrun (Orc:2)
  Rupert (D:12)
  2 ghouls
  A bunyip (Swamp:1)
  Josephine (Lair:3)
  Snorg (D:11)
  2 alligators (Swamp:1)
  2 centaur warriors
  4 ogre magi (Orc:2)
  Erolcha (D:11)
  An anaconda (Lair:5)
  21 two-headed ogres
  Erica (Lair:2)
  6 hydras
  The ghost of Talonman3 the Mimic, a novice DrSh of Gozag (Lair:1)
  A hell hog (Volcano)
  Urug (D:12)
  Sonja (Lair:1)
  Amaemon (Lair:2)
  A fire crab (Volcano)
  A goliath frog (Swamp:1)
  5 bog bodies
  3 lindwurms (Lair:2)
  2 oklob plants (D:11)
  An orc knight (Orc:1)
  A deep elf pyromancer (D:12)
  2 orc sorcerers
  2 cyclopes (D:12)
  2 ugly things
  Maurice (Orc:2)
  12 elephants
  6 black mambas
  An eye of devastation (Lair:4)
  An orange demon (Lair:2)
  A torpor snail (Lair:2)
  2 gargoyles
  13 cane toads
  4 rime drakes
  Maggie (Lair:1)
  7 komodo dragons
  3 trolls
  A meliai (Lair:3)
  9 polar bears
  2 tyrant leeches
  A bloated husk (Swamp:1)
  7 hornets
  7 blink frogs
  2 dream sheep (Lair:5)
  6 slime creatures
  A vampire (D:12)
  15 spriggans
  2 shadows
  7 wraiths
  8 wyverns
  46 yaks
  16 vampire mosquitoes
  5 steam dragons
  2 basilisks
  Menkaure (D:5)
  7 swamp worms
  An acid dragon (D:10)
  6 wargs
  25 water moccasins
  3 hell hounds (Volcano)
  A floating eye (Lair:4)
  2 swamp drakes (Swamp:1)
  2 ice beasts
  16 orc warriors
  16 black bears
  30 ogres
  42 wolves
  5 boggarts (Lair:5)
  8 centaurs
  A phantom (D:5)
  An elf zombie (Ossuary)
  3 kobold brigands
  2 gnoll sergeants (D:9)
  13 bullfrogs
  A scorpion (D:7)
  13 wights
  11 killer bees
  A howler monkey (D:8)
  2 human zombies (Ossuary)
  10 orc priests
  A gnoll bouda (D:5)
  A hound (D:6)
  3 jellies (D:6)
  A sleepcap (D:7)
  3 iguanas
  15 orc wizards
  7 hell rats (Lair:5)
  3 hound zombies (Ossuary)
  3 mummies (Ossuary)
  12 gnolls
  5 adders
  3 shadow imps
  An ufetubus (D:6)
  An adder zombie (Ossuary)
  A worm (D:3)
  41 orcs
  5 bats
  8 endoplasms
  3 giant cockroaches
  2 gnoll zombies (Ossuary)
  7 goblins
  3 hobgoblins
  5 quokkas
  9 ball pythons
  2 frilled lizards
  5 goblin zombies (Ossuary)
  4 hobgoblin zombies (Ossuary)
  4 jackal zombies (Ossuary)
  11 kobolds
  5 kobold zombies (Ossuary)
  2 quokka zombies (Ossuary)
  4 rats
  5 rat zombies (Ossuary)
668 creatures vanquished.

Vanquished Creatures (others)
  A fenstrider witch (Swamp:1)
  7 foxfires (Swamp:2)
8 creatures vanquished.

Grand Total: 676 creatures vanquished

Notes
Turn   | Place    | Note
-------+----------+-------------------------------------------
     0 | D:1      | Essalna the Gargoyle Earth Elementalist began the quest for
                  | the Orb.
     0 | D:1      | Reached XP level 1. HP: 10/10 MP: 3/3
   147 | D:1      | Reached skill level 1 in Transmutations
   203 | D:1      | Reached XP level 2. HP: 15/15 MP: 3/5
   450 | D:1      | Found a faded altar of an unknown god.
  1115 | D:1      | Reached XP level 3. HP: 19/19 MP: 4/6
  1253 | D:1      | Learned a level 3 spell: Stone Arrow
  2072 | D:3      | Found an opulent altar of Gozag.
  2072 | D:3      | Found a glowing golden altar of the Shining One.
  2078 | D:3      | Found a blossoming altar of Fedhas.
  2131 | D:3      | Reached skill level 1 in Fighting
  2131 | D:3      | Reached skill level 1 in Conjurations
  2131 | D:3      | Reached XP level 4. HP: 25/25 MP: 8/8
  2308 | D:3      | Found a broken altar of Ashenzari.
  2926 | D:4      | Found Bukaseway's Weapon Emporium.
  3085 | D:4      | Noticed an ogre
  3092 | D:4      | Killed an ogre
  3093 | D:4      | Reached skill level 2 in Fighting
  3093 | D:4      | Reached XP level 5. HP: 18/30 MP: 9/9
  3465 | D:4      | Reached skill level 5 in Earth Magic
  3789 | D:5      | Entered Level 5 of the Dungeon
  3837 | D:5      | Noticed a centaur
  3852 | D:5      | Killed a centaur
  3853 | D:5      | Reached XP level 6. HP: 9/36 MP: 11/11
  3884 | D:5      | Identified the ring of Sicviagh {rN+ Int+6}
  3938 | D:5      | Reached skill level 3 in Fighting
  3942 | D:5      | Found a snail-covered altar of Cheibriados.
  3970 | D:5      | Reached XP level 7. HP: 31/41 MP: 12/12
  3982 | D:5      | Noticed Menkaure
  3985 | D:5      | Killed Menkaure
  4017 | D:5      | Reached skill level 4 in Fighting
  4103 | D:5      | Found a sand-covered staircase.
  4113 | Ossuary  | Entered an ossuary
  4194 | Ossuary  | Reached XP level 8. HP: 40/48 MP: 13/14
  4508 | Ossuary  | Learned a level 5 spell: Freezing Cloud
  4684 | D:5      | Learned a level 5 spell: Iskenderun's Battlesphere
  4914 | D:5      | Found a stormy altar of Qazlal.
  4958 | D:6      | Reached skill level 5 in Fighting
  4958 | D:6      | Reached skill level 5 in Conjurations
  5085 | D:6      | Found a staircase to the Ecumenical Temple.
  5092 | Temple   | Entered the Ecumenical Temple
  5273 | D:6      | Reached skill level 6 in Fighting
  5871 | D:7      | Reached XP level 9. HP: 56/56 MP: 15/15
  5933 | D:7      | Reached skill level 7 in Fighting
  6391 | D:8      | Reached skill level 8 in Fighting
  6713 | D:8      | Noticed a rime drake
  6713 | D:8      | Found the +4 skin of Zhor {*Englaciate rC+++ SInv}
  6728 | D:8      | Reached skill level 9 in Fighting
  6759 | D:8      | Noticed a rime drake
  6858 | D:8      | Reached skill level 1 in Armour
  7029 | D:8      | Noticed a rime drake
  7124 | D:8      | Reached XP level 10. HP: 64/66 MP: 16/16
  7857 | D:9      | Found a bloodstained altar of Trog.
  7874 | D:9      | Reached skill level 10 in Fighting
  7974 | D:9      | Found a sacrificial altar of Ru.
  7974 | D:9      | Found a glowing silver altar of Zin.
  7978 | D:9      | Found an ornate altar of the Wu Jian Council.
  7983 | D:9      | Found a white marble altar of Elyvilon.
  8027 | D:9      | Reached skill level 10 in Conjurations
  8271 | D:10     | Entered Level 10 of the Dungeon
  8298 | D:10     | Noticed a centaur warrior
  8326 | D:10     | Killed a centaur warrior
  8329 | D:10     | Reached XP level 11. HP: 24/73 MP: 10/17
  8496 | D:10     | Found a shadowy altar of Dithmenos.
  8648 | D:10     | Found a radiant altar of Vehumet.
  8652 | D:10     | Reached skill level 11 in Fighting
  8788 | D:10     | Became a worshipper of Vehumet
  9358 | D:10     | Found a staircase to the Orcish Mines.
  9462 | D:10     | Found a shimmering blue altar of Sif Muna.
  9684 | Orc:1    | Entered Level 1 of the Orcish Mines
  9687 | Orc:1    | Identified a scroll of acquirement
  9687 | Orc:1    | Acquired a staff of conjuration
  9803 | Orc:1    | Reached * piety under Vehumet
  9803 | Orc:1    | Offered knowledge of Foxfire by Vehumet.
  9809 | Orc:1    | Reached skill level 1 in Ice Magic
  9825 | Orc:1    | Noticed an orc knight
  9972 | Orc:1    | Found a dark tunnel.
  9982 | Volcano  | Entered a volcano
 10002 | Volcano  | Noticed a fire crab
 10014 | Volcano  | Reached skill level 1 in Air Magic
 10020 | Volcano  | Killed a fire crab
 10270 | Volcano  | Noticed a hell hog
 10274 | Volcano  | Killed a hell hog
 10275 | Volcano  | Reached skill level 12 in Fighting
 10666 | Orc:1    | Killed an orc knight
 10860 | Orc:2    | Entered Level 2 of the Orcish Mines
 10873 | Orc:2    | Offered knowledge of Static Discharge by Vehumet.
 11191 | Orc:2    | Found a staircase to the Elven Halls.
 11203 | Orc:2    | Noticed a two-headed ogre
 11204 | Orc:2    | Reached XP level 12. HP: 81/81 MP: 18/18
 11204 | Orc:2    | Reached ** piety under Vehumet
 11214 | Orc:1    | Killed a two-headed ogre
 11327 | Orc:2    | Noticed a two-headed ogre
 11529 | Orc:2    | Noticed an ogre mage
 11532 | Orc:2    | Noticed a two-headed ogre
 11544 | Orc:2    | Killed a two-headed ogre
 11550 | Orc:2    | Noticed a two-headed ogre
 11555 | Orc:2    | Killed a two-headed ogre
 11584 | Orc:2    | Noticed a two-headed ogre
 11590 | Orc:2    | Killed a two-headed ogre
 11648 | Orc:2    | Noticed an ogre mage
 11649 | Orc:2    | Paralysed by an ogre mage for 2 turns
 11653 | Orc:2    | Noticed a two-headed ogre
 11656 | Orc:2    | Noticed a two-headed ogre
 11656 | Orc:2    | Killed an ogre mage
 11657 | Orc:2    | Killed a two-headed ogre
 11659 | Orc:2    | Killed a two-headed ogre
 11763 | Orc:2    | Noticed a two-headed ogre
 11767 | Orc:2    | Killed a two-headed ogre
 11784 | Orc:2    | Noticed a two-headed ogre
 11790 | Orc:2    | Noticed a two-headed ogre
 11791 | Orc:2    | Killed a two-headed ogre
 11791 | Orc:2    | Noticed a two-headed ogre
 11792 | Orc:2    | Reached skill level 13 in Fighting
 11794 | Orc:2    | Killed a two-headed ogre
 11796 | Orc:2    | Killed a two-headed ogre
 11815 | Orc:2    | Noticed an ogre mage
 11818 | Orc:2    | Killed an ogre mage
 11819 | Orc:2    | Reached skill level 10 in Earth Magic
 11820 | Orc:2    | Killed an ogre mage
 11941 | Orc:2    | Killed a two-headed ogre
 11941 | Orc:2    | Offered knowledge of Volatile Blastmotes by Vehumet.
 11942 | Orc:2    | Noticed an ogre mage
 11946 | Orc:2    | Killed an ogre mage
 11947 | Orc:2    | Reached XP level 13. HP: 88/88 MP: 16/19
 11951 | Orc:2    | Found Gehooth's Antique Weapon Shop.
 11951 | Orc:2    | Found Sifraju's General Store.
 11951 | Orc:2    | Found Iriowipn's Armour Emporium.
 11951 | Orc:2    | Found Nywaf's Weapon Boutique.
 12072 | Orc:2    | Noticed Jorgrun
 12362 | Orc:2    | Bought the +3 hat of Pondering {ponderous, Will+ MP+10
                  | Int+5} for 533 gold pieces
 12362 | Orc:2    | Found the +3 hat of Pondering {ponderous, Will+ MP+10
                  | Int+5}
 12415 | Orc:2    | Killed Jorgrun
 12416 | Orc:2    | Reached skill level 14 in Fighting
 12703 | Orc:2    | Reached *** piety under Vehumet
 12995 | Orc:1    | Noticed Maurice
 13063 | Orc:2    | Killed Maurice
 13495 | D:11     | Found a staircase to the Lair.
 13775 | D:11     | Offered knowledge of Airstrike by Vehumet.
 14008 | D:11     | Noticed Snorg
 14016 | D:11     | Killed Snorg
 14107 | D:11     | Noticed Erolcha
 14112 | D:11     | Killed Erolcha
 14154 | D:11     | Found an ornate altar of the Wu Jian Council.
 14441 | D:12     | Reached **** piety under Vehumet
 14508 | D:12     | Noticed Urug
 14518 | D:12     | Killed Urug
 14518 | D:12     | Offered knowledge of Arcjolt by Vehumet.
 14519 | D:12     | Reached skill level 15 in Fighting
 14519 | D:12     | Gained mutation: Your large and strong wings let you fly.
                  | [Gargoyle growth]
 14519 | D:12     | Reached XP level 14. HP: 86/98 MP: 20/20
 14747 | D:12     | Noticed Rupert
 14753 | D:12     | Killed Rupert
 14754 | D:12     | Reached skill level 15 in Conjurations
 15149 | Lair:1   | Entered Level 1 of the Lair of Beasts
 15501 | Lair:1   | Noticed Sonja
 15501 | Lair:1   | Noticed Maggie
 15502 | Lair:1   | Killed Sonja
 15509 | Lair:1   | Killed Maggie
 15735 | Lair:1   | Found a runed translucent door.
 15735 | Lair:1   | Noticed Talonman3's ghost (novice DrSh)
 15770 | Lair:1   | Killed Talonman3's ghost
 16155 | Lair:2   | Noticed Amaemon
 16161 | Lair:2   | Killed Amaemon
 16165 | Lair:2   | Reached skill level 16 in Fighting
 16420 | Lair:2   | Reached ***** piety under Vehumet
 16423 | Lair:2   | Offered knowledge of Iskenderun's Mystic Blast by Vehumet.
 16472 | Lair:2   | Noticed Erica
 16479 | Lair:2   | Killed Erica
 16815 | Lair:2   | Found a staircase to the Swamp.
 17061 | Lair:2   | Learned a level 6 spell: Bombard
 17910 | Lair:3   | Reached skill level 5 in Armour
 18094 | Lair:3   | Found a hole to the Spider Nest.
 18248 | Lair:3   | Reached XP level 15. HP: 105/105 MP: 22/22
 18286 | Lair:3   | Noticed Josephine
 18292 | Lair:3   | Killed Josephine
 18293 | Lair:3   | Reached skill level 5 in Spellcasting
 18872 | Lair:4   | Found a staircase to the Slime Pits.
 18875 | Lair:4   | You are sucked into a shaft and drop 1 floor!
 18875 | Lair:5   | Entered Level 5 of the Lair of Beasts
 18921 | Lair:5   | Offered knowledge of Irradiate by Vehumet.
 18922 | Lair:5   | Reached skill level 5 in Dodging
 19018 | Lair:5   | Reached skill level 5 in Stealth
 20682 | Lair:5   | Reached skill level 15 in Earth Magic
 21024 | Lair:5   | Offered knowledge of Ozocubu's Refrigeration by Vehumet.
 21608 | Swamp:1  | Entered Level 1 of the Swamp
 21608 | Swamp:1  | Noticed a ghoul
 21608 | Swamp:1  | Noticed a ghoul
 21612 | Swamp:1  | Killed a ghoul
 21624 | Lair:2   | Killed a ghoul
 21941 | Swamp:1  | Reached skill level 17 in Fighting
 22116 | Swamp:1  | Reached XP level 16. HP: 111/112 MP: 25/25
 22353 | Swamp:1  | Noticed a tentacled monstrosity
 22357 | Swamp:1  | Killed a tentacled monstrosity
 22657 | Swamp:1  | Noticed a fenstrider witch
 22666 | Swamp:1  | Killed a fenstrider witch
 22817 | Swamp:1  | You are sucked into a shaft and drop 1 floor!
 22836 | Swamp:2  | Reached skill level 1 in Shields
 22916 | Swamp:2  | Killed from afar by a will-o-the-wisp

Illustrated notes

Levels and vault maps discovered:
D:1:      dpeg_arrival_shelter, layout_basic, basic_ecumenical_altar
D:2:      layout_loops_ring
D:3:      layout_loops_ring, general_overflow_altar, minitemple, serial_rivers,
          chequers_serial_rivers_micro_e, chequers_serial_rivers_large_b,
          chequers_serial_rivers_small_a, chequers_serial_rivers_small_b
D:4:      layout_basic, serial_shops, shop
D:5:      nicolae_cairo_tiling, layout_cave_pools,
          nicolae_qazlal_eye_of_the_storm, mainiacjoe_overflow_tiny_flanked,
          nicolae_ossuary_entry_ruins, uniq_menkaure
D:6:      layout_loops_ring, minmay_temple_entry_mist, corexii_leaking_fountain,
          minmay_increasing_density
D:7:      layout_rooms, minmay_misc_feat_doors
D:8:      layout_rooms, hellmonk_guarded_unrand_zhor
D:9:      layout_rooms, nicolae_overflow_macrodata_refinement, trog_antimagical
D:10:     layout_long_grid, nicolae_dithmenos_the_darkroom,
          nicolae_vehumet_radiance, lemuel_coloured_pillars_altar, david_orc_4,
          grunt_decor_arrowhead, grunt_tough_drop
D:11:     layout_roguey, dpeg_oklobed_lair, nzn_wu_jian_council_hall,
          uniq_snorg, uniq_erolcha
D:12:     layout_small_grid, minmay_misc_feat_room, uniq_urug, uniq_rupert
Temple:   hellmonk_temple_micro_hex
Lair:1:   layout_chaotic_city, ebering_ghost_inner_flame,
          infiniplex_staircase_pool_2, serial_bayou_shore_a, grunt_megastairs_2,
          uniq_sonja, uniq_maggie
Lair:2:   beast_lair_carwin_large_3, layout_cave_pods, minmay_swamp_entry_worms,
          st_stairs_9, nicolae_lair_lindhole, uniq_erica, uniq_amaemon
Lair:3:   layout_small_grid, hellmonk_spider_entry_not_the_bees,
          grunt_megastairs_3, infiniplex_staircase_pool, uniq_josephine
Lair:4:   layout_roguey, minmay_slime_entry_eyes
Lair:5:   minmay_lair_end_enchanted_forest, layout_misc_corridors,
          gauntlet_entry_generic
Swamp:1:  layout_basic_swamp, evilmike_swamp_ruin_rubble_1
Swamp:2:  layout_falls_marsh, nicolae_swamp_well_well_well, swamp_pool5,
          uniq_nikola
Orc:1:    layout_caves, lightli_volcano_entry_magma_tube, uniq_maurice
Orc:2:    st_orc_ogre_mass, layout_caves, uniq_jorgrun

Skill      XL: |  1  2  3  4  5  6  7  8  9 10 11 12 13 14 15 16 |
---------------+-------------------------------------------------+-----
Transmutations | 1 |  1.0
Earth Magic    | 4 5 6 7 8 10 12 14 15 | 15.6
Fighting       | 1 2 3 4 6 9 10 12 13 15 16 17 | 17.2
Conjurations   | 1 2 3 4 6 9 10 12 13 14 15 | 15.0
Spellcasting   | 3 4 6 |  6.9
Armour         | 1 4 5 7 8 |  8.0
Dodging        | 2 4 6 |  6.7
Ice Magic      | 3 4 |  4.0
Air Magic      | 2 4 |  4.0
Stealth        | 4 6 |  6.0
Shields        | 1 |  1.0

Action                     |  1- 3 |  4- 6 |  7- 9 | 10-12 | 13-15 | 16-18 || total
---------------------------+-------+-------+-------+-------+-------+-------++-------
  Melee: Dagger            |     2 |     3 |       |     6 |       |       ||    11
         Staff             |       |       |       |       |    11 |       ||    11
         Punch             |       |       |       |       |     1 |       ||     1
   Cast: Sandblast         |    41 |    47 |   172 |   257 |   687 |    46 ||  1250
         Stone Arrow       |       |     2 |     3 |    16 |    32 |       ||    53
         Iskenderun's Batt |       |       |       |    42 |   118 |     9 ||   169
         Freezing Cloud    |       |       |       |     1 |     1 |       ||     2
         Bombard           |       |       |       |       |    19 |     6 ||    25
    Use: Scroll            |       |     6 |       |     6 |     5 |       ||    17
         Potion            |       |     1 |       |       |       |       ||     1
 Armour: Robe              |     1 |    19 |    52 |       |       |       ||    72
         Leather armour    |       |       |    15 |     9 |       |       ||    24
         Animal skin       |       |       |       |    97 |   351 |    33 ||   481
  Dodge: Dodged            |     2 |    17 |    51 |    66 |   282 |    16 ||   434
         Repelled          |       |       |       |       |    11 |     3 ||    14
  Block: Buckler           |       |       |       |       |       |     1 ||     1

Table legend: (Time is in decaauts)
 A = Elapsed time spent in this place.
 B = Non-inter-level travel time spent in this place.
 C = Inter-level travel time spent in this place.
 D = Time resting spent in this place.
 E = Time spent auto-exploring this place.
 F = Levels seen in this place.
 G = Mean time per level.
                   A        B        C        D        E       F      G
               +--------+--------+--------+--------+--------+-----+--------+
         Total |  24146 |  22907 |   1239 |   1034 |  18170 |  24 | 1006.1 |
       Dungeon |  11437 |  10711 |    726 |      0 |   9235 |  12 |  953.1 |
        Temple |      1 |      1 |      0 |      0 |      0 |   1 |    1.0 |
          Lair |   7412 |   7124 |    288 |    310 |   5564 |   5 | 1482.4 |
         Swamp |   1052 |   1045 |      7 |     29 |    819 |   2 |  526.0 |
  Orcish Mines |   3218 |   3002 |    216 |    695 |   1737 |   2 | 1609.0 |
       Ossuary |    504 |    504 |      0 |      0 |    370 |   1 |  504.0 |
       Volcano |    519 |    519 |      0 |      0 |    444 |   1 |  519.0 |
               +--------+--------+--------+--------+--------+-----+--------+

Top non-repeatable levels by time:
  Lair:2: 2231 daAuts
  Lair:5: 1753 daAuts
   Orc:1: 1680 daAuts
   Orc:2: 1538 daAuts
    D:10: 1496 daAuts
     D:1: 1301 daAuts
  Lair:4: 1285 daAuts
  Lair:1: 1090 daAuts
  Lair:3: 1051 daAuts
     D:8: 1049 daAuts
    D:11: 1034 daAuts
     D:3: 1018 daAuts
     D:6: 948 daAuts
    D:12: 945 daAuts
 Swamp:1: 939 daAuts
